 Dungeon Crawl Stone Soup version 0.26-a0-834-g69557b85cc (webtiles) character file.

Game seed: 1642188056330689362

562 marklar909 the Insei (level 7, -1/57 HPs)
             Began as a Green Draconian Transmuter on Nov 16, 2020.
             Was a Follower of Uskayaw.
             Killed from afar by an orc wizard (7 damage)
             ... with a magic dart
             ... on level 5 of the Dungeon.
             The game lasted 00:07:29 (4869 turns).

marklar909 the Insei (Green Draconian Transmuter)   Turns: 4869, Time: 00:07:29

Health: -1/57      AC:  6    Str: 12    XL:     7   Next: 10%
Magic:  3/10       EV: 14    Int: 14    God:    Uskayaw [*.....]
Gold:   316        SH:  0    Dex: 13    Spells: 7/10 levels left

rFire    . . .     SeeInvis .     - Unarmed
rCold    . . .     Faith    .   (no shield)
rNeg     . . .     Spirit   .   (armour unavailable)
rPois    +         Reflect  .   (helmet currently unavailable)
rElec    .         Harm     .   (no cloak)
rCorr    .         Rampage  .   (no gloves)
MR       .....                  (boots currently unavailable)
Stlth    +.........             (no amulet)
HPRegen  0.19/turn              (no ring)
MPRegen  0.12/turn              (no ring)

@: short of breath, appendages (expiring)
A: breathe noxious fumes, unfitting armour, horns 2, talons 2, poison
resistance, cold-blooded, AC +6
a: Breathe Noxious Fumes, End Transformation, Stomp, Renounce Religion


You were on level 5 of the Dungeon.
You worshipped Uskayaw.
Uskayaw was noncommittal.
You had grown temporary horns.
You had grown temporary talons.
You visited 1 branch of the dungeon, and saw 5 of its levels.

You collected 316 gold pieces.

Inventory:

Wands
 l - a wand of polymorph (1)
 n - a wand of acid (11)
 p - a wand of paralysis (9)
Scrolls
 c - a scroll of fear
 f - 9 scrolls of identify
 i - a scroll of teleportation
 j - 2 scrolls of enchant armour {unknown}
 m - a scroll of enchant weapon {unknown}
Potions
 a - a potion of mutation
 b - 3 potions of curing {unknown}
 d - a potion of flight {unknown}
 e - 2 potions of might {unknown}
 g - 3 potions of brilliance {unknown}
 h - 2 potions of degeneration {unknown}
 k - a potion of lignification {unknown}
 o - 2 potions of heal wounds {unknown}


   Skills:
 + Level 3.5 Fighting
 * Level 4.4 Dodging
 + Level 4.6 Unarmed Combat
 - Level 2.0 Spellcasting
 + Level 3.7 Transmutations
 + Level 1.5 Invocations


You had 7 spell levels left.
You knew the following spells:

 Your Spells              Type           Power        Failure   Level
a - Beastly Appendage     Tmut           ##....       5%          1
b - Wereblood             Tmut           ##......     8%          2

Your spell library contained the following spells:

 Spells                   Type           Power        Failure   Level
 Spider Form              Tmut/Pois      #.........   32%         3
 Ice Form                 Ice/Tmut       #.......     73%         4
 Blade Hands              Tmut           ##........   82%         5


Dungeon Overview and Level Annotations

Branches:
Dungeon (5/15)             Temple (0/1) D:4

Altars:
Elyvilon
Ru
Trog
Uskayaw


Innate Abilities, Weirdness & Mutations

You can breathe blasts of noxious fumes.
Your lurid green scales are hard. (AC +6)
You cannot fit into any form of body armour.
Your system is resistant to poisons. (rPois)
You are cold-blooded and may be slowed by cold attacks.
You have a pair of horns on your head.
You have razor-sharp toenails.


Message History

* * * LOW HITPOINT WARNING * * *
You barely miss the orc wizard.
The orc shouts!
You headbutt the orc wizard.
You kill the orc wizard!
The orc barely misses you. The sky beast hits you.
* * * LOW HITPOINT WARNING * * *
The sky beast shocks you.
* * * LOW HITPOINT WARNING * * *
The orc wizard is engulfed in noxious fumes.
The orc barely misses you.
Press: ? - help, Dir - move target cursor, f - orc, p - orc
Aim: an orc, wielding a +0 short sword (severely wounded)
You can't stand on top of the monster!
Press: ? - help, Dir - move target cursor, p - orc The orc appears confused.
The sky beast appears confused.
You can no longer pass through a line of other dancers.
The orc wizard points at you and mumbles some strange words.
The magic dart hits you!
You die...

####.......#
...#.......# #.....#
...#.......# #.....#
####.......#####.!...###
...........#..#.........
...........#..#..o......
...........#..#.........
...........#'##.........
###....####...oY@.......
#....# #...)o........
#....# #.............
#....# #......o......
#....# #....o........
#....# #.......o.....
###....# #.............
........ #######.....#+
......... .....


You could see a sky beast (confused), 2 orc wizards and 4 orcs.

Vanquished Creatures
  A sky beast (D:5)
  An ogre (D:4)
  A scorpion (D:4)
  A howler monkey (D:4)
  A hound (D:4)
  An orc wizard (D:5)
  Jessica (D:2)
  Ijyb (D:3)
  An iguana (D:5)
  2 worker ants (D:4)
  An adder (D:5)
  3 gnolls (D:4)
  An ufetubus (D:5)
  An ooze (D:3)
  A worm (D:4)
  2 dart slugs (D:1)
  3 leopard geckos
  4 orcs
  A ball python (D:2)
  5 giant cockroaches
  2 hobgoblins
  6 jackals
  4 quokkas (D:3)
  6 bats
  4 frilled lizards
  5 goblins
  3 kobolds
  4 rats
67 creatures vanquished.

Notes
Turn   | Place    | Note
-------+----------+-------------------------------------------
     0 | D:1      | marklar909 the Draconian Transmuter began the quest for the
                  | Orb.
     0 | D:1      | Reached XP level 1. HP: 16/16 MP: 3/3
   504 | D:1      | Reached XP level 2. HP: 18/23 MP: 3/5
   852 | D:1      | Learned a level 2 spell: Wereblood
  1033 | D:1      | Reached XP level 3. HP: 27/28 MP: 3/6
  1254 | D:2      | Noticed a +0 hand axe
  1256 | D:2      | Found a hide-covered altar of Uskayaw.
  1256 | D:2      | Noticed a +0 dagger
  1361 | D:2      | Noticed Jessica
  1370 | D:2      | Killed Jessica
  1490 | D:2      | Found a sacrificial altar of Ru.
  1696 | D:2      | Found a faded altar of an unknown god.
  1952 | D:2      | Became a worshipper of Uskayaw the Reveller
  2060 | D:3      | Reached * piety under Uskayaw
  2061 | D:3      | Reached XP level 4. HP: 36/36 MP: 5/7
  2093 | D:3      | Found a bloodstained altar of Trog.
  2095 | D:3      | Noticed Ijyb
  2137 | D:3      | Killed Ijyb
  3104 | D:4      | Reached ** piety under Uskayaw
  3112 | D:4      | Reached XP level 5. HP: 24/42 MP: 0/8
  3215 | D:4      | Noticed an ogre
  3223 | D:4      | Killed an ogre
  3224 | D:4      | Reached XP level 6. HP: 23/50 MP: 1/9
  3538 | D:4      | Found a white marble altar of Elyvilon.
  4172 | D:4      | Found a staircase to the Ecumenical Temple.
  4404 | D:5      | Entered Level 5 of the Dungeon
  4415 | D:5      | Reached skill level 1 in Invocations
  4645 | D:5      | Noticed a sky beast
  4654 | D:5      | Reached *** piety under Uskayaw
  4660 | D:5      | Killed a sky beast
  4661 | D:5      | Your scales start taking on a lurid green colour.
  4661 | D:5      | Reached XP level 7. HP: 45/57 MP: 10/10
  4661 | D:5      | Gained mutation: Your system is resistant to poisons.
                  | (rPois) [Green Draconian growth]
  4869 | D:5      | Killed from afar by an orc wizard

Illustrated notes

Levels and vault maps discovered:
D:1:      shiori_arrival_elements, layout_basic
D:2:      layout_basic, general_overflow_altar, dancing_weapons_uskayaw,
          chequers_ecumenical_altar_twisty, uniq_jessica
D:3:      layout_basic, old_standard_altar, serial_park_tiny_pond, uniq_robin,
          uniq_ijyb
D:4:      layout_basic, marbit_many_paths, minmay_temple_entry_statues_pillars
D:5:      layout_gridville, portal_sewer_entry_c, uniq_pikel

Skill      XL: |  1  2  3  4  5  6 |
---------------+-------------------+-----
Dodging        | 2 3 4 |  4.4
Fighting       | 2 3 |  3.5
Unarmed Combat | 4 |  4.6
Transmutations | 3 |  3.7
Invocations    | 1 |  1.5
Spellcasting   | |  2.0

Action                   |  1- 3 |  4- 6 |  7- 9 || total
-------------------------+-------+-------+-------++-------
Melee: Unarmed           |   109 |   123 |     8 ||   240
       Kick              |    15 |    21 |     3 ||    39
       Tailslap          |     8 |     7 |       ||    15
       Headbutt          |     6 |    15 |     2 ||    23
       Punch             |     1 |     1 |       ||     2
 Cast: Beastly Appendage |    22 |    25 |     1 ||    48
Invok: Stomp             |       |    10 |     1 ||    11
       Line Pass         |       |     2 |     1 ||     3
 Abil: Breathe Noxious F |       |       |     1 ||     1
  Use: Scroll            |     3 |       |       ||     3
 Stab: Confused          |       |     2 |       ||     2
       Sleeping          |       |     1 |       ||     1
       Paralysed         |       |     1 |       ||     1
Armor: Skin              |    37 |    28 |     6 ||    71
Dodge: Dodged            |    75 |    93 |    10 ||   178

Table legend: (Time is in decaauts)
 A = Elapsed time spent in this place.
 B = Non-inter-level travel time spent in this place.
 C = Inter-level travel time spent in this place.
 D = Time resting spent in this place.
 E = Time spent auto-exploring this place.
 F = Levels seen in this place.
 G = Mean time per level.
                   A        B        C        D        E       F      G
               +--------+--------+--------+--------+--------+-----+--------+
         Total |   4848 |   4698 |    150 |    548 |   3621 |   5 |  969.6 |
       Dungeon |   4848 |   4698 |    150 |    548 |   3621 |   5 |  969.6 |
               +--------+--------+--------+--------+--------+-----+--------+

Top non-repeatable levels by time:
     D:4: 1503 daAuts
     D:1: 1240 daAuts
     D:3: 919 daAuts
     D:2: 723 daAuts
     D:5: 462 daAuts
